 Dungeon Crawl Stone Soup version 0.19.0-19-g8c6edcc (webtiles) character file.

143 mopl the Sneak (level 4, -4/33 HPs)
             Began as a Demigod Enchanter on Nov 14, 2016.
             Killed by divine providence
             ... invoked by an orc priest
              (13 damage)
             ... on level 3 of the Dungeon.
             The game lasted 00:04:55 (2306 turns).

mopl the Sneak (Demigod Enchanter)                  Turns: 2306, Time: 00:04:55

Health: -4/33      AC:  3    Str: 11    XL:     4   Next: 76%
Magic:  5/9        EV: 12    Int: 21    God:
Gold:   149        SH:  0    Dex: 16    Spells: 4 memorised, 1 level left

rFire  . . .     SeeInvis .     a - +1 dagger
rCold  . . .     Gourm    .     b - +1 robe
rNeg   . . .     Faith    .     (no shield)
rPois  .         Spirit   .     (no helmet)
rElec  .         Reflect  .     (no cloak)
rCorr  .         Harm     .     (no gloves)
MR     .....                    (no boots)
Stlth  +++.......               (no amulet)
                                (no ring)
                                (no ring)

@: no status effects
A: high mp 1
a: no special abilities


You were on level 3 of the Dungeon.
You were not hungry.

You visited 1 branch of the dungeon, and saw 4 of its levels.

You collected 149 gold pieces.

Inventory:

Hand Weapons
 a - a +1 dagger (weapon)
 h - a +2 dagger of distortion {!w}
 u - a +0 dagger of speed
Missiles
 j - 6 javelins of returning (quivered)
 t - 15 poisoned needles
Armour
 b - a +1 robe (worn)
Scrolls
 e - 4 scrolls of identify {unknown}
 f - a scroll of fog {unknown}
 g - 2 scrolls of teleportation {unknown}
 m - a scroll of immolation {unknown}
 n - 4 scrolls of remove curse {unknown}
 q - a scroll of fear {unknown}
Potions
 k - a potion of mutation {unknown}
 l - a potion of degeneration {unknown}
 r - a potion of invisibility {unknown}
Books
 c - a book of Maledictions

   Spells                             Type                      Level
   a - Corona                         Hexes                        1
   b - Ensorcelled Hibernation        Hexes/Ice                    2
   c - Confuse                        Hexes                        3
   d - Tukima's Dance                 Hexes                        3
   e - Dazzling Spray                 Conjuration/Hexes            3
 p - a book of Cantrips

   Spells                             Type                      Level
   a - Confusing Touch                Hexes                        1
   b - Animate Skeleton               Necromancy                   1
   c - Summon Small Mammal            Summoning                    1
   d - Apportation                    Translocation                1
Comestibles
 d - 2 bread rations
 i - 2 beef jerkies
 o - 2 chunks of flesh
 s - a meat ration


   Skills:
 + Level 1.2 Short Blades
 - Level 1.7 Dodging
 * Level 4.2 Stealth
 + Level 1.9 Spellcasting
 * Level 3.8 Hexes
 + Level 1.0 Ice Magic


You had one spell level left.
You knew the following spells:

 Your Spells              Type           Power        Failure   Level  Hunger
a - Corona                Hex            ###....      3%          1    #......
b - Ensorcelled Hibernat  Hex/Ice        ##....       12%         2    ##.....
f - Apportation           Tloc           #.........   17%         1    #......
x - Animate Skeleton      Necr           N/A          17%         1    #......


Dungeon Overview and Level Annotations

Branches:
Dungeon (4/15)
 Temple: D:4-7


Innate Abilities, Weirdness & Mutations

You have an increased reservoir of magic. (+10% MP)


Message History

The orc priest barely misses you.
You hit the orc priest.
The orc priest is almost dead.
The orc priest closely misses you.
You closely miss the orc priest.
The orc priest is almost dead.
The orc priest calls down the wrath of Beogh upon you.
Pain shoots through your body!
You are too injured to fight recklessly!
You are too injured to fight recklessly!
You hit the orc priest but do no damage.
The orc priest is almost dead.
The orc priest calls down the wrath of Beogh upon you.
Pain shoots through your body!
* * * LOW HITPOINT WARNING * * *
You closely miss the orc priest.
The orc priest is almost dead.
The orc priest mumbles some strange prayers to Beogh against you.
Beogh smites you!
You die...

###### #.o@.# #.##.#
#.##.# #.##.# #.##.#
#.##.# #.##.# #####
#o##.# #...########
#.##.####...##......


You could see an orc priest.

Vanquished Creatures
  An iguana (D:4)
  4 adders
  An ooze (D:3)
  2 worms
  3 dart slugs
  5 leopard geckos
  A ball python (D:1)
  2 bats
  6 giant cockroaches
  5 goblins
  7 hobgoblins
  4 jackals (D:4)
  A quokka (D:3)
  A frilled lizard (D:2)
  8 kobolds
  7 rats
58 creatures vanquished.

Notes
Turn   | Place    | Note
-------+----------+-------------------------------------------
     0 | D:1      | mopl the Demigod Enchanter began the quest for the Orb.
     0 | D:1      | Reached XP level 1. HP: 14/14 MP: 5/5
    19 | D:1      | Reached skill level 1 in Short Blades
   179 | D:1      | Reached skill level 3 in Hexes
   246 | D:1      | Reached XP level 2. HP: 15/20 MP: 7/7
   250 | D:1      | Learned a level 2 spell: Ensorcelled Hibernation
   271 | D:1      | Reached skill level 3 in Stealth
   831 | D:1      | Reached XP level 3. HP: 22/26 MP: 5/8
  1093 | D:2      | Learned a level 1 spell: Animate Skeleton
  1541 | D:3      | Found a faded altar of an unknown god.
  1742 | D:3      | Reached XP level 4. HP: 30/33 MP: 2/9
  1745 | D:3      | Learned a level 1 spell: Apportation
  1854 | D:4      | Reached skill level 4 in Stealth
  1854 | D:4      | Reached skill level 1 in Ice Magic
  2306 | D:3      | Killed from afar by an orc priest

Skill      XL: |  1  2  3  4 |
---------------+-------------+-----
Short Blades   | 1 |  1.2
Hexes          | 3 |  3.8
Stealth        | 3 4 |  4.2
Ice Magic      | 1 |  1.0
Dodging        | |  1.7
Spellcasting   | |  1.9

Action                   |  1- 3 |  4- 6 || total
-------------------------+-------+-------++-------
Melee: Dagger            |   184 |    55 ||   239
 Cast: Corona            |     4 |       ||     4
       Ensorcelled Hiber |    14 |     8 ||    22
 Stab: Sleeping          |    13 |     7 ||    20
  Eat: Chunk             |     4 |     2 ||     6
Armor: Robe              |    36 |    17 ||    53
Dodge: Dodged            |    99 |    27 ||   126
